 Dungeon Crawl Stone Soup version 0.26-a0-1040-gbe3abf3417 (webtiles) character file.

Game seed: 4234815478384607257

17530 kae the Zephyrmancer (level 12, -7/72 HPs)
             Began as a Tengu Air Elementalist on Dec 11, 2020.
             Was a Believer of Vehumet.
             Mangled by a komodo dragon (13 damage)
             ... on level 11 of the Dungeon.
             The game lasted 00:17:57 (23437 turns).

kae the Zephyrmancer (Tengu Air Elementalist)      Turns: 23437, Time: 00:17:58

Health: -7/72      AC:  3    Str: 10    XL:     12   Next: 49%
Magic:  0/26       EV: 21    Int: 19    God:    Vehumet [**....]
Gold:   1181       SH:  0    Dex: 15    Spells: 15/30 levels left

rFire    . . .     SeeInvis +   d - +0 scythe
rCold    . . .     Faith    .   (shield currently unavailable)
rNeg     . . .     Spirit   +   a - +1 robe
rPois    .         Reflect  .   (helmet restricted)
rElec    .         Harm     .   (no cloak)
rCorr    .         Rampage  .   (no gloves)
Will     .....                  (boots unavailable)
Stlth    ++........             y - amulet of guardian spirit
HPRegen  0.22/turn              i - +4 ring of evasion
MPRegen  0.20/turn              s - ring of see invisible

@: no status effects
A: beak, talons 3, able to fly
a: Fly, Renounce Religion


You were on level 11 of the Dungeon.
You worshipped Vehumet.
Vehumet was pleased with you.
You visited 3 branches of the dungeon, and saw 15 of its levels.

You collected 1257 gold pieces.
You spent 76 gold pieces at shops.

Inventory:

Hand Weapons
 d - a +0 scythe (weapon)
Armour
 a - a +1 robe (worn)
Jewellery
 i - a +4 ring of evasion (left hand)
 s - a ring of see invisible (right hand)
 v - an uncursed amulet of the acrobat
 y - an amulet of guardian spirit (around neck)
Wands
 g - a wand of polymorph (10)
 r - a wand of paralysis (7)
 t - a wand of iceblast (10)
 w - a wand of enslavement (4)
 x - a wand of flame (13)
Scrolls
 c - 3 scrolls of enchant armour
 l - 3 scrolls of enchant weapon
 n - a scroll of summoning
 o - a scroll of teleportation
 p - 3 scrolls of amnesia
 q - 2 scrolls of remove curse
Potions
 b - 2 potions of berserk rage
 e - a potion of attraction
 f - 2 potions of haste
 h - 2 potions of curing
 j - a potion of resistance {unknown}
 k - a potion of cancellation
 m - a potion of invisibility
 u - a potion of lignification
 A - a potion of might


   Skills:
 + Level 7.0 Fighting
 + Level 8.1 Dodging
 - Level 2.0 Stealth
 * Level 9.6 Spellcasting
 * Level 12.9 Conjurations
 * Level 13.3 Air Magic


You had 15 spell levels left.
You knew the following spells:

 Your Spells              Type           Power        Failure   Level
a - Shock                 Conj/Air       ####         1%          1
b - Static Discharge      Conj/Air       ######..     1%          3
c - Airstrike             Air            ######....   1%          4
d - Swiftness             Air            ######..     1%          2
e - Lightning Bolt        Conj/Air       ######....   1%          5

Your spell library contained the following spells:

 Spells                   Type           Power        Failure   Level
 Frozen Ramparts          Ice            #.....       24%         3
 Animate Skeleton         Necr           #.....       8%          1
 Apportation              Tloc           #.....       8%          1
 Beastly Appendage        Tmut           #.....       8%          1
 Corona                   Hex            #......      8%          1
 Summon Small Mammal      Summ           #...         8%          1
 Wereblood                Tmut           #.......     12%         2
 Spider Form              Tmut/Pois      #.........   24%         3
 Ice Form                 Ice/Tmut       #.......     61%         4
 Blade Hands              Tmut           #.........   91%         5


Dungeon Overview and Level Annotations

Branches:
Dungeon (13/15)            Temple (1/1) D:7            Lair (1/6) D:11
    Orc (0/2) D:10
 Vaults: D:13-14

Altars:
Ashenzari
Cheibriados
Dithmenos
Elyvilon
Fedhas
Gozag
Hepliaklqana
Kikubaaqudgha
Makhleb
Nemelex Xobeh
Okawaru
Qazlal
Ru
Sif Muna
Trog
Uskayaw
Vehumet
Wu Jian
Xom
Yredelemnul
Zin
The Shining One

Shops:
D:7 *

Annotations:
D:3 exclusion: door
D:4 2 transporters
D:8 1 runed translucent door, tilp's ghost, novice OgTm


Innate Abilities, Weirdness & Mutations

You have a beak for a mouth.
You have claws for feet.
You can fly continuously.


Message History

Confirm with . or Enter, or press ? or * to list all spells.
The yak is struck by an arc of lightning.
The yak is lightly wounded.
You are struck by an arc of lightning.
The komodo dragon is struck by an arc of lightning.
The komodo dragon is moderately wounded.
The lightning grounds out.
The komodo dragon is struck by an arc of lightning!
The komodo dragon is heavily wounded.
You are struck by an arc of lightning.
The komodo dragon is struck by an arc of lightning!
The komodo dragon is severely wounded.
You are struck by an arc of lightning.
The komodo dragon is struck by an arc of lightning!
The komodo dragon is almost dead.
The lightning grounds out.
The komodo dragon bites you!!
* * * LOW HITPOINT WARNING * * *
The yak closely misses you. The komodo dragon bites you!
You die...

....####)#####^...#..............
....#.............#.....#######..
'####.............#.....# #..
[.................#.....## #..
#######...........#......# #..
......#.####......#......# #..
......#.#..#......#......######..
##'#..#.#..#......####..........<
...#..#.#..#...Y@....#..####'###.
...#..###..#.....l...#..#........
...#.......###'#.....#..#........
<..#...........#.....#..#........
...#..#####....+.....####........
...#..#...#....#.............####
...#..#..)..[..#....#####....#...
####..#...#.†..#....#...#.)###.##
......#####.........'...#..#...#


You could see a komodo dragon and a yak.

Vanquished Creatures
  2 two-headed ogres (D:10)
  An unseen horror (D:9)
  A manticore (D:9)
  An ugly thing (D:11)
  A cyclops (D:12)
  Joseph (D:9)
  Maurice (D:9)
  A gargoyle (D:11)
  2 cane toads (Lair:1)
  A rime drake (Lair:1)
  A centaur skeleton (D:8)
  An efreet (D:11)
  A troll (D:11)
  A hornet (D:9)
  2 shadows
  A wyvern (D:11)
  10 yaks
  A wraith (D:12)
  2 vampires
  A vampire mosquito (D:6)
  An acid dragon (D:10)
  3 water moccasins
  9 orc warriors
  14 ice beasts
  4 black bears
  An eye of draining (D:11)
  A phantom (D:4)
  3 sky beasts
  2 necrophages (D:11)
  8 centaurs
  16 ogres
  2 big kobolds
  10 bullfrogs
  A water moccasin zombie (D:10)
  6 jellies
  A wyvern skeleton (D:11)
  A scorpion (D:4)
  7 killer bees (D:7)
  13 wights
  2 howler monkeys
  A centaur zombie (D:7)
  2 hounds
  A bullfrog zombie (D:11)
  11 orc priests
  A bullfrog skeleton (D:5)
  5 gnoll shamans
  13 orc wizards
  2 iguanas
  Natasha (thrice) (D:2)
  9 worker ants
  A killer bee zombie (D:8)
  2 hound zombies (D:6)
  15 adders
  14 gnolls
  5 shadow imps
  3 white imps
  An ufetubus (D:6)
  An ooze (D:4)
  An adder skeleton (D:6)
  5 adder zombies
  2 worms (D:2)
  2 dart slugs
  3 leopard geckos
  53 orcs
  10 giant cockroaches
  4 goblins
  10 hobgoblins
  18 jackals
  15 kobolds
  4 quokkas
  2 ball pythons
  4 bats
  4 frilled lizards
  A jackal skeleton (D:8)
  A leopard gecko skeleton (D:4)
  7 rats
374 creatures vanquished.

Vanquished Creatures (others)
  A bush (D:6)
  6 fungi (D:10)
  15 plants (D:10)
22 creatures vanquished.

Grand Total: 396 creatures vanquished

Notes
Turn   | Place    | Note
-------+----------+-------------------------------------------
     0 | D:1      | kae the Tengu Air Elementalist began the quest for the Orb.
     0 | D:1      | Reached XP level 1. HP: 10/10 MP: 4/4
   164 | D:1      | Reached XP level 2. HP: 14/15 MP: 1/6
   540 | D:1      | Reached XP level 3. HP: 13/20 MP: 4/7
   997 | D:2      | Found a hide-covered altar of Uskayaw.
   997 | D:2      | Noticed Natasha
  1002 | D:2      | Killed Natasha
  1003 | D:2      | Reached skill level 1 in Fighting
  1003 | D:2      | Reached XP level 4. HP: 17/25 MP: 2/8
  1008 | D:2      | Noticed Natasha
  1100 | D:2      | Killed Natasha
  1154 | D:2      | Noticed Natasha
  1161 | D:2      | Killed Natasha
  1162 | D:2      | Reached skill level 5 in Air Magic
  1290 | D:2      | Learned a level 3 spell: Static Discharge
  1295 | D:2      | Learned a level 4 spell: Airstrike
  1362 | D:2      | Gained mutation: You can fly continuously. [Tengu growth]
  1362 | D:2      | Reached XP level 5. HP: 29/29 MP: 8/10
  2364 | D:3      | Learned a level 2 spell: Swiftness
  2577 | D:3      | Found a shimmering blue altar of Sif Muna.
  2928 | D:3      | Found a faded altar of an unknown god.
  3419 | D:4      | Reached XP level 6. HP: 34/34 MP: 6/11
  3772 | D:4      | Found a transporter.
  3787 | D:4      | Found a transporter.
  3809 | D:4      | Reached skill level 6 in Air Magic
  3809 | D:4      | Reached XP level 7. HP: 40/40 MP: 6/13
  4077 | D:4      | Found a sparkling altar of Nemelex Xobeh.
  4201 | D:4      | Reached skill level 5 in Conjurations
  4367 | D:4      | You fall into a shaft and drop 1 floor!
  4367 | D:5      | Entered Level 5 of the Dungeon
  4479 | D:4      | Found a sacrificial altar of Ru.
  5181 | D:5      | Reached skill level 7 in Air Magic
  5500 | D:5      | Reached XP level 8. HP: 37/45 MP: 9/15
  5644 | D:5      | You fall into a shaft and drop 2 floors!
  6493 | D:6      | Reached skill level 5 in Spellcasting
  6980 | D:5      | Reached skill level 8 in Air Magic
  7668 | D:5      | Reached XP level 9. HP: 51/51 MP: 2/18
  8594 | D:6      | Reached skill level 5 in Dodging
  8764 | D:6      | Reached skill level 9 in Air Magic
 10859 | D:7      | Reached XP level 10. HP: 58/58 MP: 2/21
 11067 | D:7      | Reached skill level 10 in Air Magic
 11147 | D:7      | Found Tulutust's Assorted Antiques.
 11379 | D:7      | Found a staircase to the Ecumenical Temple.
 11388 | Temple   | Entered the Ecumenical Temple
 12016 | D:7      | Bought an emerald potion for 18 gold pieces
 12016 | D:7      | Bought 2 scrolls labelled MISKOXY YKAMNU for 40 gold pieces
 12016 | D:7      | Bought a puce potion for 18 gold pieces
 12651 | D:8      | Reached skill level 5 in Fighting
 13310 | D:8      | Found an ornate altar of the Wu Jian Council.
 13318 | D:8      | Reached skill level 10 in Conjurations
 13482 | D:8      | Found a glowing silver altar of Zin.
 13529 | D:8      | Found a hazy altar of Hepliaklqana.
 13843 | D:8      | Found a radiant altar of Vehumet.
 13902 | D:8      | Found a runed translucent door.
 13910 | D:8      | Found a shimmering altar of Xom.
 13910 | D:8      | Noticed tilp's ghost (novice OgTm)
 13910 | D:8      | Noticed a +5 long sword of chaos
 14227 | D:8      | Became a worshipper of Vehumet
 14275 | D:9      | Learned a level 5 spell: Lightning Bolt
 14651 | D:9      | Reached skill level 11 in Air Magic
 14946 | D:9      | Noticed a manticore
 15364 | D:9      | Reached XP level 11. HP: 64/64 MP: 14/23
 15569 | D:9      | Noticed Joseph
 15580 | D:9      | Killed Joseph
 15822 | D:9      | HP: 2/64 [something (10)]
 16142 | D:9      | Noticed an unseen horror
 16146 | D:9      | Killed an unseen horror
 16366 | D:9      | Noticed Maurice
 16371 | D:9      | Killed Maurice
 16636 | D:9      | Killed a manticore
 16741 | D:10     | Entered Level 10 of the Dungeon
 17228 | D:10     | Noticed a two-headed ogre
 17335 | D:10     | Killed a two-headed ogre
 17336 | D:10     | Reached skill level 12 in Air Magic
 17336 | D:10     | Reached * piety under Vehumet
 17336 | D:10     | Offered knowledge of Magic Dart by Vehumet.
 17521 | D:10     | Found a staircase to the Orcish Mines.
 17521 | D:10     | Noticed a two-headed ogre
 17539 | D:10     | Killed a two-headed ogre
 18003 | D:10     | You fall into a shaft and drop 3 floors!
 18177 | D:12     | Noticed a cyclops
 18181 | D:12     | Killed a cyclops
 18845 | D:11     | Found a frozen archway.
 18853 | D:11     | Reached ** piety under Vehumet
 19279 | D:11     | Offered knowledge of Foxfire by Vehumet.
 19714 | D:11     | Reached XP level 12. HP: 59/71 MP: 19/26
 20730 | D:11     | Found a staircase to the Lair.
 20786 | D:11     | Reached skill level 13 in Air Magic
 21254 | D:11     | Offered knowledge of Frozen Ramparts by Vehumet.
 21647 | D:10     | You fall into a shaft and drop 1 floor!
 22673 | Lair:1   | Entered Level 1 of the Lair of Beasts
 23437 | D:11     | Mangled by a komodo dragon

Illustrated notes

Levels and vault maps discovered:
D:1:      mrwooster_arrival_statue_3, layout_rooms,
          chequers_serial_rivers_micro_d
D:2:      layout_rooms, eat_drink_and_be_merry_uskayaw, uniq_natasha
D:3:      layout_basic, led_sif_book, chequers_ecumenical_altar_grove,
          portal_sewer_entry_f
D:4:      gammafunk_steamed_eel, layout_basic, kennysheep_little_box,
          hangedman_ru_absence
D:5:      layout_loops_corners, sigmund_army
D:6:      minmay_klotski, layout_basic, chequers_decorated_corner
D:7:      layout_cave_pods, minmay_temple_entry_proselytizer, serial_shops,
          nicolae_shop_stone
D:8:      layout_basic, old_standard_altar, kennysheep_mini, lemuel_round_altar,
          kennysheep_mini_moat, ebering_ghost_xom
D:9:      layout_stronghold, uniq_joseph, uniq_maurice
D:10:     kennysheep_seaside_town, layout_basic, david_orc_3
D:11:     layout_irregular_city, lair_entry_dummy, gauntlet_entry_generic,
          portal_ice_cave_entry_ice_beasts, hangedman_decor_points
D:12:     lemuel_insect_pit, layout_layer_cave, elyvilon_altar_1, uniq_kirke,
          uniq_nessos, uniq_psyche
D:13:     layout_basic, david_vaults_1
Temple:   nicolae_temple_great_sept
Lair:1:   layout_hall_layers, infiniplex_staircase_pool_2,
          minmay_lair_oklob_chamber

Skill      XL: |  1  2  3  4  5  6  7  8  9 10 11 12 |
---------------+-------------------------------------+-----
Conjurations   | 2 3 4 5 7 9 10 12 | 12.9
Fighting       | 1 2 3 4 5 6 7 |  7.0
Air Magic      | 5 6 7 8 9 11 12 13 | 13.3
Spellcasting   | 3 4 5 6 7 9 |  9.6
Dodging        | 3 4 5 6 7 8 |  8.1
Stealth        | |  2.0

Action                   |  1- 3 |  4- 6 |  7- 9 | 10-12 || total
-------------------------+-------+-------+-------+-------++-------
Melee: Unarmed           |    28 |     9 |     5 |       ||    42
       Kick              |     8 |     2 |     2 |    18 ||    30
       Peck              |     4 |     2 |     3 |    12 ||    21
       Scythe            |       |       |    17 |    63 ||    80
 Cast: Shock             |    50 |   153 |   192 |   198 ||   593
       Static Discharge  |       |     1 |    12 |    31 ||    44
       Airstrike         |       |       |    57 |   245 ||   302
       Swiftness         |       |       |     1 |     5 ||     6
       Lightning Bolt    |       |       |       |    29 ||    29
  Use: Potion            |     4 |       |     1 |     9 ||    14
       Scroll            |       |     6 |    10 |     7 ||    23
Armor: Robe              |    16 |    10 |    13 |    22 ||    61
Dodge: Dodged            |    70 |    29 |    57 |   250 ||   406

Table legend: (Time is in decaauts)
 A = Elapsed time spent in this place.
 B = Non-inter-level travel time spent in this place.
 C = Inter-level travel time spent in this place.
 D = Time resting spent in this place.
 E = Time spent auto-exploring this place.
 F = Levels seen in this place.
 G = Mean time per level.
                   A        B        C        D        E       F      G
               +--------+--------+--------+--------+--------+-----+--------+
         Total |  23561 |  22967 |    594 |   5931 |  14576 |  15 | 1570.7 |
       Dungeon |  23289 |  22707 |    582 |   5784 |  14498 |  13 | 1791.5 |
        Temple |     83 |     72 |     11 |      0 |     72 |   1 |   83.0 |
          Lair |    187 |    187 |      0 |    147 |      6 |   1 |  187.0 |
               +--------+--------+--------+--------+--------+-----+--------+

Top non-repeatable levels by time:
    D:11: 3533 daAuts
     D:6: 3046 daAuts
     D:9: 2979 daAuts
     D:7: 2495 daAuts
    D:10: 2068 daAuts
     D:5: 1927 daAuts
     D:8: 1919 daAuts
     D:4: 1444 daAuts
     D:1: 1323 daAuts
     D:2: 1057 daAuts
     D:3: 1057 daAuts
    D:13: 257 daAuts
  Lair:1: 187 daAuts
    D:12: 178 daAuts
  Temple: 83 daAuts
